Workbook

Sheet Escrituras
A1: Planilla de retenciones de la escribanía · Retenot
A2: Una fila por escritura. Completá las celdas celestes con los importes de la factura o proforma; el resto se calcula solo.
A4: Fecha | B4: N.º de escritura | C4: Acto | D4: Jurisdicción | E4: Honorarios | F4: IVA de honorarios (21 %) | G4: Impuesto de sellos | H4: Aportes y derechos del Colegio | I4: Total cobrado | J4: Fondos de terceros
A5: 46300 | B5: 101 | C5: Compraventa | D5: CABA | E5: 3600000 | F5: =IF(E5="","",E5*Resumen!$C$15) -> 756000 | G5: 4860000 | H5: 310000 | I5: =IF(E5="","",E5+F5+G5+H5) -> 9526000 | J5: =IF(E5="","",F5+G5+H5) -> 5926000 | K5: ← Datos de ejemplo: borralos y cargá los tuyos
A6: 46309 | B6: 102 | C6: Compraventa | D6: Provincia | E6: 1800000 | F6: =IF(E6="","",E6*Resumen!$C$15) -> 378000 | G6: 1800000 | H6: 720000 | I6: =IF(E6="","",E6+F6+G6+H6) -> 4698000 | J6: =IF(E6="","",F6+G6+H6) -> 2898000
F7: =IF(E7="","",E7*Resumen!$C$15) | I7: =IF(E7="","",E7+F7+G7+H7) | J7: =IF(E7="","",F7+G7+H7)
F8: =IF(E8="","",E8*Resumen!$C$15) | I8: =IF(E8="","",E8+F8+G8+H8) | J8: =IF(E8="","",F8+G8+H8)
F9: =IF(E9="","",E9*Resumen!$C$15) | I9: =IF(E9="","",E9+F9+G9+H9) | J9: =IF(E9="","",F9+G9+H9)
F10: =IF(E10="","",E10*Resumen!$C$15) | I10: =IF(E10="","",E10+F10+G10+H10) | J10: =IF(E10="","",F10+G10+H10)
F11: =IF(E11="","",E11*Resumen!$C$15) | I11: =IF(E11="","",E11+F11+G11+H11) | J11: =IF(E11="","",F11+G11+H11)
F12: =IF(E12="","",E12*Resumen!$C$15) | I12: =IF(E12="","",E12+F12+G12+H12) | J12: =IF(E12="","",F12+G12+H12)
F13: =IF(E13="","",E13*Resumen!$C$15) | I13: =IF(E13="","",E13+F13+G13+H13) | J13: =IF(E13="","",F13+G13+H13)
F14: =IF(E14="","",E14*Resumen!$C$15) | I14: =IF(E14="","",E14+F14+G14+H14) | J14: =IF(E14="","",F14+G14+H14)
F15: =IF(E15="","",E15*Resumen!$C$15) | I15: =IF(E15="","",E15+F15+G15+H15) | J15: =IF(E15="","",F15+G15+H15)
F16: =IF(E16="","",E16*Resumen!$C$15) | I16: =IF(E16="","",E16+F16+G16+H16) | J16: =IF(E16="","",F16+G16+H16)
F17: =IF(E17="","",E17*Resumen!$C$15) | I17: =IF(E17="","",E17+F17+G17+H17) | J17: =IF(E17="","",F17+G17+H17)
F18: =IF(E18="","",E18*Resumen!$C$15) | I18: =IF(E18="","",E18+F18+G18+H18) | J18: =IF(E18="","",F18+G18+H18)
... F204: =IF(E204="","",E204*Resumen!$C$15) | I204: =IF(E204="","",E204+F204+G204+H204) | J204: =IF(E204="","",F204+G204+H204)

Sheet Resumen
A1: Resumen del mes: cuánto tiene que haber apartado
A3: Mes (primer día) | C3: 46296 | D3: ← Cambiá el mes acá
A4: Hasta | C4: =EDATE(C3,1)-1 -> 46326
A6: Concepto | B6: A quién se paga | C6: Importe del mes
A7: Impuesto de sellos CABA | B7: AGIP | C7: =SUMIFS(Escrituras!$G$5:$G$204,Escrituras!$D$5:$D$204,"CABA",Escrituras!$A$5:$A$204,">="&$C$3,Escrituras!$A$5:$A$204,"<="&$C$4) -> 4860000
A8: Impuesto de sellos Provincia | B8: ARBA (SIESBA) | C8: =SUMIFS(Escrituras!$G$5:$G$204,Escrituras!$D$5:$D$204,"Provincia",Escrituras!$A$5:$A$204,">="&$C$3,Escrituras!$A$5:$A$204,"<="&$C$4) -> 1800000
A9: Aportes y derechos CABA | B9: Colegio de Escribanos de la Ciudad | C9: =SUMIFS(Escrituras!$H$5:$H$204,Escrituras!$D$5:$D$204,"CABA",Escrituras!$A$5:$A$204,">="&$C$3,Escrituras!$A$5:$A$204,"<="&$C$4) -> 310000
A10: Aportes Provincia | B10: Caja Notarial, con los sellos en SIESBA | C10: =SUMIFS(Escrituras!$H$5:$H$204,Escrituras!$D$5:$D$204,"Provincia",Escrituras!$A$5:$A$204,">="&$C$3,Escrituras!$A$5:$A$204,"<="&$C$4) -> 720000
A11: IVA de honorarios | B11: ARCA | C11: =SUMIFS(Escrituras!$F$5:$F$204,Escrituras!$A$5:$A$204,">="&$C$3,Escrituras!$A$5:$A$204,"<="&$C$4) -> 1134000
A12: Total que tiene que haber apartado | C12: =SUM(C7:C11) -> 8824000
A13: Saldo de la cuenta de fondos de terceros hoy
A14: Falta (−) o sobra (+) | C14: =IF(C13="","Cargá el saldo",C13-C12) -> Cargá el saldo
A15: Alícuota de IVA | C15: 0.21
A17: Los aportes de CABA de este mes se pagan dos meses después; los sellos y el IVA, el mes siguiente. Detalle en retenot.com/vencimientos-escribania

Sheet Vencimientos
A1: Cuándo se paga cada cosa
A3: Concepto | B3: Organismo | C3: Cuándo vence | D3: Dónde se liquida
A4: Impuesto de sellos CABA | B4: AGIP | C4: Día 10 del mes siguiente (o el hábil siguiente) | D4: SIE del Colegio de Escribanos, con VEP
A5: Impuesto de sellos Provincia, 1.ª quincena (días 1 a 15) | B5: ARBA | C5: Día 26 del mismo mes | D5: SIESBA
A6: Impuesto de sellos Provincia, 2.ª quincena (16 a fin de mes) | B6: ARBA | C6: Día 12 del mes siguiente | D6: SIESBA
A7: Aportes y derechos CABA | B7: Colegio de Escribanos de la Ciudad | C7: Dos meses después (los de septiembre, en noviembre) | D7: Boleta del Colegio
A8: Aportes Provincia | B8: Caja Notarial | C8: Con los sellos, en la misma quincena | D8: SIESBA, mismo código
A9: IVA de honorarios | B9: ARCA | C9: Mes siguiente, según la terminación del CUIT | D9: Declaración jurada de IVA
A11: Las fechas exactas de cada mes, con feriados: retenot.com/vencimientos-escribania
A12: Retenot hace esta planilla solo: lee las facturas de la carpeta todos los días y avisa al celular antes de cada vencimiento. retenot.com
